 Dungeon Crawl Stone Soup version 0.31-a0-840-g6d2ecbb638 (webtiles) character file.

Game seed: 5947743100559217499

30 BinkBink the Trooper (level 3, -8/29 HPs)
             Began as a Demonspawn Berserker on Sept 27, 2023.
             Was a Follower of Trog.
             Mangled by a gnoll
             ... wielding a +0 halberd
              (14 damage)
             ... on level 1 of the Dungeon.
             The game lasted 00:01:08 (1109 turns).

BinkBink the Trooper (Demonspawn Berserker)         Turns: 1109, Time: 00:01:09

Health: -8/29      AC:  2    Str: 19    XL:     3   Next: 3%
Magic:  3/3        EV: 14    Int:  8    God:    Trog [*.....]
Gold:   24         SH:  0    Dex: 12    Spells: 2/2 levels left

rFire   . . .        a - +0 hand axe
rCold   . . .        (no shield)
rNeg    . . .        b - +0 animal skin
rPois   .            (no helmet)
rElec   .            (no cloak)
rCorr   .            (no gloves)
SInv    .            (no boots)
Will    .....        (no amulet)
Stlth   +            (no ring)
HPRegen 0.24/turn    (no ring)
MPRegen 0.08/turn

%: no passive effects
@: no status effects
A: repulsion field 1
a: Renounce Religion, Berserk


You were on level 1 of the Dungeon.
You worshipped Trog.
Trog was aware of your devotion.
You visited 1 branch of the dungeon, and saw 2 of its levels.

You collected 24 gold pieces.

Inventory:

Hand Weapons
 a - a +0 hand axe (weapon)
Armour
 b - a +0 animal skin (worn)
Jewellery
 c - a +4 ring of slaying
Scrolls
 d - a scroll of enchant weapon {unknown}
 e - a scroll of brand weapon {unknown}
 f - a scroll of enchant armour {unknown}
Potions
 g - a potion of enlightenment {unknown}


   Skills:
 + Level 3.3 Fighting
 + Level 3.0 Axes
 + Level 2.2 Armour
 + Level 2.2 Dodging


You had 2 spell levels left.
You didn't know any spells.
Your spell library was empty.

Dungeon Overview and Level Annotations

Branches:
Dungeon (2/15)

Altars:

Shops:
D:1 !


Innate Abilities, Weirdness & Mutations

You are surrounded by a mild repulsion field. (EV +2)


Message History

The endoplasm is heavily wounded.
The endoplasm completely misses you.
An endoplasm is nearby!
You hit the endoplasm.
You kill the endoplasm!
Trog accepts your kill.
No target in view!
No target in view!
There is an open door here.
You open the door.
There is an open door here.
There is an escape hatch in the floor, spattered with blood here.
Done exploring.
Done exploring.
Done exploring.
No target in view!
You open the door.
There is an open door here.
There is a stone staircase leading down here.
You climb downwards.
The gnoll shouts! x3
Found a whip.
Found an escape hatch in the floor.
There is a stone staircase leading up here.
There are monsters nearby!
You slash the gnoll!
The gnoll is severely wounded.
You closely miss the bat. You hit the gnoll. The bat hits you.
The gnoll hits you from afar with a +0 halberd!
The gnoll hits you with a +0 halberd! The gnoll closely misses you.
You are too injured to fight recklessly!
You are too injured to fight recklessly!
You are too injured to fight recklessly!
The bat hits you.
The gnoll hits you from afar with a +0 halberd.
* * * LOW HITPOINT WARNING * * *
The gnoll closely misses you. x2
You climb upwards.
There is a stone staircase leading down here.
The gnoll hits you from afar with a +0 halberd!
You die...

#.# #...#............PP.#
#.# ######...#..PP.8..P.#
#.# ##......P....P.# #.#
#.###..PP.P...# #####.#####
#.# ##...PP.).# #.........#
##'## ##.....#.# #.###.###.#
##gg.## #######.# #.#
#.###.# ##.>...## ###.# #.#
#.#.#.# ##.@.....## ##.#.#
#.#
#.....###.........####....##
#.#
#.......'.....)...'.........
#.#
#.....###.........###...[###
#.###.#.#.# ##.......##
#.#.## #.........# ##.....##
#.### #####.##### ##...##
#.# #.# ##'## #.####
#.######### #.# #.##.##


You could see 2 gnolls.

Vanquished Creatures
  A gnoll (D:1)
  4 endoplasms (D:1)
  2 giant cockroaches (D:1)
  2 goblins (D:1)
  2 hobgoblins (D:1)
  3 ball pythons (D:1)
  A frilled lizard (D:1)
  A kobold (D:1)
  3 rats (D:1)
19 creatures vanquished.

Notes
Turn   | Place    | Note
-------+----------+-------------------------------------------
     0 | D:1      | BinkBink the Demonspawn Berserker began the quest for the
                  | Orb.
     0 | D:1      | Reached XP level 1. HP: 18/18 MP: 1/1
    45 | D:1      | Found Ilicater's Distillery.
   360 | D:1      | Gained mutation: You are surrounded by a mild repulsion
                  | field. (EV +2) [demonic ancestry]
   360 | D:1      | Reached XP level 2. HP: 15/24 MP: 2/2
   877 | D:1      | Found a faded altar of an unknown god.
   992 | D:1      | Reached XP level 3. HP: 28/29 MP: 3/3
  1109 | D:1      | Mangled by a gnoll

Illustrated notes

Levels and vault maps discovered:
D:1:      minmay_arrival_radiant_lines, layout_loops_corners,
          shapermc_ecumenical_altar_notcrosses, serial_shops, shop,
          chequers_serial_rivers_micro_c, dreamdust_mushroom_princess
D:2:      layout_basic, basic_altar

Skill      XL: |  1  2 |
---------------+-------+-----
Armour         | 2 |  2.2
Dodging        | 2 |  2.2
Axes           | 3 |  3.0
Fighting       | |  3.3

Action                     || total
---------------------------++-------
  Melee: Hand axe          ||    62
   Stab: Sleeping          ||     2
 Armour: Animal skin       ||    34
  Dodge: Dodged            ||    42

Table legend: (Time is in decaauts)
 A = Elapsed time spent in this place.
 B = Non-inter-level travel time spent in this place.
 C = Inter-level travel time spent in this place.
 D = Time resting spent in this place.
 E = Time spent auto-exploring this place.
 F = Levels seen in this place.
 G = Mean time per level.
                   A        B        C        D        E       F      G
               +--------+--------+--------+--------+--------+-----+--------+
         Total |   1118 |   1101 |     17 |      0 |    954 |   2 |  559.0 |
       Dungeon |   1118 |   1101 |     17 |      0 |    954 |   2 |  559.0 |
               +--------+--------+--------+--------+--------+-----+--------+

Top non-repeatable levels by time:
     D:1: 1115 daAuts
     D:2: 3 daAuts
